 Dungeon Crawl Stone Soup version 0.20-a0-969-g5a5da1e (webtiles) character file.

6689 HAWKINGL3623 the Slinger (level 10, 0/53 HPs)
             Began as a Spriggan Abyssal Knight on Nov 29, 2017.
             Was the Champion of Lugonu.
             Slain by the triply bezotted Crazy Yiuf
             ... wielding a +3 quarterstaff of chaos
              (6 damage)
             ... while paralysed by the triply bezotted Crazy Yiuf
             ... on level 2 of the Dungeon.
             The game lasted 00:53:19 (12519 turns).

HAWKINGL3623 the Slinger (Spriggan Abyssal Knight) Turns: 12519, Time: 00:53:23

Health: 0/53       AC:  4    Str:  8    XL:     10   Next: 74%
Magic:  12/12      EV:  4    Int: 14    God:    Lugonu [******]
Gold:   329        SH:  0    Dex: 21    Spells: 8/9 levels left

rFire    . . .     SeeInvis +   t - +1 dagger (holy)
rCold    . . .     Gourm    .   (shield restricted)
rNeg     + + +     Faith    .   b - +0 robe
rPois    ∞         Spirit   .   o - +2 hat
rElec    .         Reflect  .   (no cloak)
rCorr    .         Harm     .   (gloves unavailable)
MR       +....                  (boots unavailable)
Stlth    +++++.....             (no amulet)
Regen    0.2/turn               n - +3 ring of slaying
MPRegen  0.2/turn               (no ring)

@: paralysed, petrified, very quick
A: unfitting armour, thin skeletal structure 1, see invisible, herbivore 3,
speed 3, mutation resistance 1, slow metabolism 2, no potion heal 1
a: Depart the Abyss, Bend Space, Banish, Corrupt, Enter the Abyss, Brand Weapon
With Distortion, Renounce Religion


You were on level 2 of the Dungeon.
You worshipped Lugonu.
Lugonu was exalted by your worship.
You were very hungry.

You visited 2 branches of the dungeon, and saw 10 of its levels.
You visited the Abyss 1 time.
You also visited: Sewer.

You collected 590 gold pieces.
You spent 261 gold pieces at shops.

Inventory:

Hand Weapons
 a - a +2 short sword
 f - a +1 hunting sling of flaming
 t - a +1 dagger of holy wrath (weapon)
 v - the +1 rapier of the Slime-mould {flame, rPois MR+ Str+3 Dex-4}
   (You bought it in a shop on level 6 of the Dungeon)

   It has been specially enchanted to burn those struck by it, causing extra
   injury to most foes and up to half again as much damage against particularly
   susceptible opponents.
   It affects your strength (+3).
   It affects your dexterity (-4).
   It protects you from poison.
   It affects your resistance to hostile enchantments.
Missiles
 d - 168 stones (quivered)
 i - 7 throwing nets
 p - 59 sling bullets
 z - 8 tomahawks
Armour
 b - a +0 robe (worn)
 o - a +2 hat (worn)
Jewellery
 n - a +3 ring of slaying (left hand)
Wands
 q - a wand of flame (30/48)
 y - a wand of iceblast (8/15)
 A - a wand of random effects (22/48)
Scrolls
 e - 2 scrolls of fear
 g - 3 scrolls of teleportation
 j - 5 scrolls of remove curse
 m - a scroll of immolation
 w - 2 scrolls of blinking
 x - a scroll of identify
Potions
 h - a potion of might
 k - a potion of curing
 r - a potion of haste
 u - a potion of brilliance
Books
 s - a book of Minor Magic

   Spells                             Type                      Level
   a - Magic Dart                     Conjuration                  1
   b - Blink                          Translocation                2
   c - Call Imp                       Summoning                    2
   d - Slow                           Hexes                        2
   e - Conjure Flame                  Conjuration/Fire             3
   f - Mephitic Cloud                 Conjuration/Poison/Air       3
Comestibles
 c - 6 bread rations
 l - 5 royal jellies


   Skills:
 + Level 6.5 Fighting
 + Level 7.9 Short Blades
 + Level 12.0(12.1) Slings
 + Level 1.0(6.5) Throwing
 + Level 8.0 Dodging
 + Level 9.0 Stealth
 + Level 2.3 Invocations


You had 8 spell levels left.
You knew the following spells:

 Your Spells              Type           Power        Failure   Level  Hunger
a - Magic Dart            Conj           #...         30%         1    ##.....


Dungeon Overview and Level Annotations

Branches:
Dungeon (9/15)             Temple (1/1) D:6
   Lair: D:8-11         Orc: D:9-12

Altars:
Ashenzari
Elyvilon
Fedhas
Gozag
Hepliaklqana
Makhleb
Nemelex Xobeh
Okawaru
Ru
Trog
Uskayaw
Vehumet
Wu Jian
Yredelemnul
Zin
The Shining One

Shops:
D:6 ((

Annotations:
D:2 Crazy Yiuf, bezotted Crazy Yiuf, doubly bezotted Crazy Yiuf, triply bezotted Crazy Yiuf
D:8 2 runed doors
Abyss:1 Grinder


Innate Abilities, Weirdness & Mutations

You are very small and have problems with some larger weapons.
You are too small for most types of armour.
You have supernaturally acute eyesight. (SInv)
You are a herbivore.
You cover ground extremely quickly.
You need consume almost no food.
You have a somewhat thin skeletal structure. (Dex +2, Stealth)
You are somewhat resistant to further mutation.
Potions are less effective at restoring your health.


Message History

Level annotation: Crazy Yiuf, bezotted Crazy Yiuf, doubly bezotted Crazy Yiuf The triply bezotted Crazy Yiuf shouts!
The triply bezotted Crazy Yiuf misses you.
The triply bezotted Crazy Yiuf hits you with a quarterstaff of chaos!
You are slowing down.
There is a stone staircase leading down, spattered with blood here.
Your limbs are stiffening.
The triply bezotted Crazy Yiuf hits you with a quarterstaff of chaos!
You have turned to stone.
The triply bezotted Crazy Yiuf hits you with a quarterstaff of chaos!
The triply bezotted Crazy Yiuf burns you.
The triply bezotted Crazy Yiuf hits you with a quarterstaff of chaos!
The triply bezotted Crazy Yiuf burns you!
The triply bezotted Crazy Yiuf hits you with a quarterstaff of chaos.
* * * LOW HITPOINT WARNING * * *
You suddenly lose the ability to move!
The triply bezotted Crazy Yiuf hits you with a quarterstaff of chaos!!
* * * LOW HITPOINT WARNING * * *
You are electrocuted!
You die...

# ### ### ### ### ### #
####.####.# #.######.####.## #
...[......# #..............# #
#########.###.#......####.#######
#.............##@###.# #.#......
#.........######g###.# #.#......
#.........##....>.<#.# #.#######
#.#######.##.......#.# #........
#.# #.##...<...#.# ########.
#.#######.#......###.# #.
.......g......######.#### #.
...######.#.#.#....#....# #.
...#........#.#.##.####.# #.


You could see triply bezotted Crazy Yiuf.

Vanquished Creatures
  4 hippogriffs
  2 wraiths (D:7)
  Eustachio (D:6)
  3 hungry ghosts
  Menkaure (D:6)
  A water moccasin (D:5)
  2 sky beasts
  An orc warrior (D:7)
  3 ice beasts
  2 necrophages
  3 phantoms
  A black bear (D:4)
  5 ogres
  3 centaurs
  A crocodile (D:8)
  A big kobold (D:9)
  3 bullfrogs
  2 gnoll sergeants
  4 scorpions
  A water moccasin zombie (D:9)
  A water moccasin skeleton (D:7)
  4 wights (D:7)
  6 howler monkeys
  3 crimson imps
  A bullfrog zombie (D:8)
  2 quasits (D:7)
  4 orc priests
  A centaur skeleton (D:4)
  5 human zombies (D:7)
  A jelly (D:6)
  A gnoll shaman (D:6)
  5 hounds
  2 iguanas
  7 worker ants
  5 orc wizards
  A hound zombie (D:7)
  A hound skeleton (D:4)
  3 mummies (D:7)
  40 gnolls
  A howler monkey skeleton (D:6)
  13 adders
  3 shadow imps
  An ooze (D:2)
  2 adder skeletons
  A worm (D:3)
  4 dart slugs
  7 leopard geckos
  22 orcs
  2 ball pythons
  10 bats
  5 giant cockroaches
  8 goblins
  7 hobgoblins
  20 jackals
  18 kobolds
  2 quokkas
  8 frilled lizards
  A jackal skeleton (D:3)
  A leopard gecko zombie (D:7)
  7 rats
280 creatures vanquished.

Vanquished Creatures (others)
  An orc wizard (D:7)
  A plant (D:1)
2 creatures vanquished.

Grand Total: 282 creatures vanquished

Notes
Turn   | Place    | Note
-------+----------+-------------------------------------------
     0 | Abyss:1  | HAWKINGL3623 the Spriggan Abyssal Knight began the quest for the Orb.
     0 | Abyss:1  | Reached XP level 1. HP: 11/11 MP: 3/3
    46 | Abyss:1  | Noticed a neqoxec
    49 | Abyss:1  | Noticed a quasit
    49 | D:1      | Escaped the Abyss
    49 | D:1      | a neqoxec gained the power of zot (level 1).
    49 | D:1      | a quasit gained the power of zot (level 1).
    49 | D:1      | a shadow imp gained the power of zot (level 1).
   429 | D:1      | Reached * piety under Lugonu
   429 | D:1      | Reached XP level 2. HP: 16/16 MP: 4/4
  1142 | D:1      | Reached XP level 3. HP: 14/19 MP: 5/5
  1734 | D:2      | something gained the power of zot (level 1).
  1734 | D:2      | something gained the power of zot (level 1).
  1734 | D:2      | something gained the power of zot (level 1).
  1734 | D:2      | something gained the power of zot (level 1).
  1734 | D:2      | something gained the power of zot (level 1).
  1734 | D:2      | something gained the power of zot (level 1).
  1734 | D:2      | something gained the power of zot (level 1).
  1734 | D:2      | something gained the power of zot (level 1).
  1734 | D:2      | something gained the power of zot (level 1).
  1734 | D:2      | something gained the power of zot (level 1).
  1734 | D:2      | something gained the power of zot (level 1).
  1734 | D:2      | something gained the power of zot (level 1).
  1734 | D:2      | something gained the power of zot (level 1).
  1734 | D:2      | something gained the power of zot (level 1).
  1734 | D:2      | something gained the power of zot (level 1).
  1734 | D:2      | something gained the power of zot (level 1).
  1734 | D:2      | something gained the power of zot (level 1).
  1734 | D:2      | something gained the power of zot (level 1).
  1734 | D:2      | something gained the power of zot (level 1).
  1734 | D:2      | something gained the power of zot (level 1).
  1802 | D:2      | Reached ** piety under Lugonu
  1935 | D:2      | Reached skill level 1 in Stealth
  2145 | D:2      | Gained mutation: You do not regenerate when monsters are visible. [potion of mutation]
  2145 | D:2      | Gained mutation: You evolve. [potion of mutation]
  2256 | D:2      | Reached XP level 4. HP: 13/23 MP: 6/6
  2520 | D:2      | Found a runed door.
  2732 | D:2      | Lost mutation: You evolve. [potion of mutation]
  2732 | D:2      | Lost mutation: You do not regenerate when monsters are visible. [potion of mutation]
  2732 | D:2      | Gained mutation: You have a somewhat thin skeletal structure. (Dex +2, Stealth) [potion of mutation]
  2732 | D:2      | Gained mutation: Potions are less effective at restoring your health. [potion of mutation]
  2732 | D:2      | Gained mutation: You are somewhat resistant to further mutation. [potion of mutation]
  3024 | D:2      | Noticed Crazy Yiuf
  3087 | D:2      | Crazy Yiuf gained the power of zot (level 1).
  3113 | D:2      | the bezotted Crazy Yiuf gained the power of zot (level 2).
  3145 | D:3      | the doubly bezotted Crazy Yiuf gained the power of zot (level 3).
  3472 | D:3      | Reached skill level 2 in Slings
  3560 | D:3      | Found a faded altar of an unknown god.
  3586 | D:3      | Noticed an ogre
  3613 | D:3      | Killed an ogre
  3613 | D:3      | Reached skill level 3 in Slings
  3613 | D:3      | Reached XP level 5. HP: 28/28 MP: 7/7
  3642 | D:3      | Found an ornate altar of the Wu Jian Council.
  4169 | D:3      | Reached XP level 6. HP: 32/32 MP: 8/8
  4558 | D:4      | Reached *** piety under Lugonu
  4648 | D:4      | Reached skill level 4 in Slings
  4741 | D:4      | a scorpion gained the power of zot (level 1).
  4986 | D:4      | Found an opulent altar of Gozag.
  5113 | D:4      | Learned a level 1 spell: Magic Dart
  5167 | D:4      | Found a sparkling altar of Nemelex Xobeh.
  5210 | D:4      | Reached XP level 7. HP: 30/36 MP: 9/9
  5390 | D:4      | Reached skill level 5 in Short Blades
  5503 | D:4      | Reached skill level 5 in Slings
  5503 | D:4      | Reached skill level 5 in Stealth
  5649 | D:4      | Reached skill level 5 in Dodging
  5710 | D:5      | Entered Level 5 of the Dungeon
  5931 | D:5      | Reached skill level 6 in Slings
  5931 | D:5      | Reached skill level 1 in Throwing
  5931 | D:5      | Reached XP level 8. HP: 42/42 MP: 10/10
  5979 | D:5      | Noticed a hippogriff
  5992 | D:6      | something gained the power of zot (level 1).
  6104 | D:6      | Found Egic's Antique Weapon Boutique.
  6110 | D:6      | Bought a crystal rapier for 261 gold pieces
  6110 | D:6      | Identified the cursed +1 rapier of the Slime-mould {flame, rPois MR+ Str+3 Dex-4} (You bought it in a shop on level 6 of the Dungeon)
  6114 | D:6      | Found a glowing drain.
  6275 | Sewer    | a quokka gained the power of zot (level 1).
  6275 | Sewer    | Entered a sewer
  6318 | Sewer    | Noticed Purgy
  6387 | Sewer    | Purgy gained the power of zot (level 1).
  6429 | D:6      | something gained the power of zot (level 2).
  6704 | D:6      | Found Xyufidicia's Weapon Emporium.
  6717 | D:6      | Got a smelly plate armour
  6718 | D:6      | Identified the +4 plate armour of the Ecumenical Temple {rC++} (You found it on level 6 of the Dungeon)
  6774 | D:6      | Reached **** piety under Lugonu
  6809 | D:6      | Reached skill level 7 in Slings
  7098 | D:6      | Noticed Grinder
  7161 | D:6      | Banished Grinder
  7296 | D:6      | Noticed Eustachio
  7345 | D:6      | a river rat gained the power of zot (level 1).
  7362 | D:6      | Killed Eustachio
  7541 | D:6      | Reached skill level 8 in Slings
  7541 | D:6      | Reached XP level 9. HP: 46/46 MP: 11/11
  8126 | D:6      | Reached ***** piety under Lugonu
  8642 | D:6      | Noticed Menkaure
  8660 | D:6      | Killed Menkaure
  8660 | D:6      | Reached skill level 5 in Fighting
  8660 | D:6      | Reached skill level 9 in Slings
  8893 | D:6      | Found a staircase to the Ecumenical Temple.
  8902 | Temple   | Entered the Ecumenical Temple
  9275 | D:7      | Found a glowing silver altar of Zin.
  9345 | D:7      | Reached skill level 10 in Slings
  9685 | D:7      | Found a glowing golden altar of the Shining One.
  9978 | D:7      | Found a white marble altar of Elyvilon.
 10147 | D:7      | Reached XP level 10. HP: 45/52 MP: 12/12
 10249 | D:7      | Found a basalt altar of Yredelemnul.
 10285 | D:7      | Reached skill level 11 in Slings
 10781 | D:8      | Found a large runed door.
 10781 | D:8      | Found a large runed door.
 10783 | D:8      | Noticed a centaur warrior
 10922 | D:8      | Noticed a cyclops
 11104 | D:8      | You fall through a shaft!
 11104 | D:9      | Found a sacrificial altar of Ru.
 11165 | D:9      | a centaur gained the power of zot (level 1).
 11527 | D:9      | Reached ****** piety under Lugonu
 11784 | D:5      | Reached skill level 12 in Slings
 12519 | D:2      | Paralysed by the triply bezotted Crazy Yiuf for 3 turns
 12519 | D:2      | Slain by the triply bezotted Crazy Yiuf

Vault maps used:
D:1:      dpeg_arrival_tiny_a, hangedman_decor_growths, lexackson_kobold_supper
D:2:      minmay_tromino_i2, uniq_crazy_yiuf_cottage
D:3:      overflow_temple_1_default, chequers_ecumenical_altar_grove
D:4:      black_bear_nest_2, nicolae_overflow_crystal_walls, marbit_many_paths
D:5:      first_bread
D:6:      lemuel_castle_with_subvaults, temple_doors_e, gup_sewer_entry_glass,
          serial_shops, nicolae_shop_trees, shop, uniq_eustachio, uniq_menkaure,
          uniq_grinder
D:7:      lemuel_doored_altar, lemuel_mausoleum_altar_yredelemnul, zin_statuary,
          grunt_ogre_cave, nicolae_tso_carved_into_rock
D:8:      kennysheep_mini_moat, old_standard_altar, jmf_multi_god_temple2
D:9:      old_standard_altar, nooodl_food_tri
Temple:   dshaligram_water_room_temple
Sewer:    sewer_co_purgy_island

Skill      XL: |  1  2  3  4  5  6  7  8  9 10 |
---------------+-------------------------------+-----
Invocations    | 2 |  2.3
Short Blades   | 3 4 5 6 7 |  7.9
Stealth        | 1 2 3 4 5 6 7 9 |  9.0
Dodging        | 4 5 6 8 |  8.0
Fighting       | 3 4 5 6 |  6.5
Slings         | 3 4 6 8 10 12 | 12.0
Throwing       | 1 |  1.0

Action                   |  1- 3 |  4- 6 |  7- 9 | 10-12 || total
-------------------------+-------+-------+-------+-------++-------
Melee: Short sword       |   184 |   145 |   176 |    21 ||   526
       Dagger            |       |       |   126 |   105 ||   231
 Fire: Hunting sling     |       |    84 |   351 |   155 ||   590
Throw: Stone             |    31 |       |     2 |     1 ||    34
Invok: Depart the Abyss  |     1 |       |       |       ||     1
       Banish            |       |       |     1 |       ||     1
       Bend Space        |       |       |     3 |       ||     3
Evoke: Wand              |       |       |       |     2 ||     2
  Use: Scroll            |     9 |     5 |     4 |     3 ||    21
       Potion            |     4 |     5 |     3 |     3 ||    15
 Stab: Sleeping          |     4 |    12 |    17 |     8 ||    41
       Distracted        |       |       |     2 |       ||     2
  Eat: Bread ration      |       |     1 |       |       ||     1
       Royal jelly       |       |       |     1 |       ||     1
Armor: Robe              |     9 |    10 |    26 |     7 ||    52
Dodge: Dodged            |   135 |   128 |   292 |   116 ||   671
